 Dungeon Crawl Stone Soup version 0.26-a0-1177-g1209ec82b9 (webtiles) character file.

Game seed: 2979065507117268831

6080 sahdkjhfkaj the Carver (level 10, -15/80 HPs)
             Began as a Barachi Fighter on Dec 24, 2020.
             Was a Priest of Okawaru.
             Killed by divine providence
             ... invoked by an orc priest
              (17 damage)
             ... on level 9 of the Dungeon.
             The game lasted 00:09:50 (8629 turns).

sahdkjhfkaj the Carver (Barachi Fighter)            Turns: 8629, Time: 00:09:51

Health: -15/80     AC: 19    Str: 20    XL:     10   Next: 88%
Magic:  10/10      EV:  9    Int:  9    God:    Okawaru [***...]
Gold:   388        SH: 12    Dex: 12    Spells: 9/9 levels left

rFire    . . .     SeeInvis +   a - +1 scimitar (flame)
rCold    . . .     Faith    .   c - +0 kite shield
rNeg     . . .     Spirit   .   o - +0 chain mail
rPois    +         Reflect  .   f - +2 hat {SInv}
rElec    .         Harm     .   z - +2 cloak {rPois}
rCorr    .         Rampage  .   v - +0 pair of gloves
Will     .....                  q - +0 pair of boots
Stlth    ..........             (no amulet)
HPRegen  0.23/turn              (no ring)
MPRegen  0.12/turn              (no ring)

@: slow
A: +LOS, swims, slowness 1, strong legs 1
a: Hop, Renounce Religion, Heroism


You were on level 9 of the Dungeon.
You worshipped Okawaru.
Okawaru was most pleased with you.
You visited 2 branches of the dungeon, and saw 10 of its levels.

You collected 591 gold pieces.
You spent 203 gold pieces at shops.

Inventory:

Hand Weapons
 a - a +1 scimitar of flaming (weapon)
Armour
 c - a +0 kite shield (worn)
 f - a +2 hat of see invisible (worn)
 o - a +0 chain mail (worn)
 q - a +0 pair of boots (worn)
 v - a +0 pair of gloves (worn)
 z - a +2 cloak of poison resistance (worn)
Wands
 s - a wand of flame (9)
 u - a wand of acid (14)
 x - a wand of disintegration (6)
 B - a wand of polymorph (15)
 F - a wand of digging (4)
Scrolls
 g - 3 scrolls of blinking
 i - a scroll of enchant armour
 j - 6 scrolls of magic mapping
 m - 4 scrolls of amnesia
 p - a scroll of teleportation {!r}
 t - 3 scrolls of enchant weapon
 w - 3 scrolls of remove curse
 y - a scroll of fog
 D - 2 scrolls of immolation
Potions
 b - a potion of magic
 d - a potion of degeneration {unknown}
 e - a potion of heal wounds {unknown}
 h - a potion of berserk rage {unknown}
 k - 6 potions of curing
 l - a potion of brilliance {unknown}
 n - 3 potions of haste
 r - a potion of flight
 A - 2 potions of lignification
 C - a potion of might
 E - a potion of ambrosia {unknown}


   Skills:
 + Level 8.2 Fighting
 * Level 10.5 Long Blades
 + Level 8.2 Armour
 + Level 6.4 Dodging
 * Level 9.9 Shields


You had 9 spell levels left.
You didn't know any spells.
Your spell library contained the following spells:

 Spells                   Type           Power        Failure   Level
 Magic Dart               Conj           0%           99%         1
 Shock                    Conj/Air       0%           99%         1
 Sting                    Tmut/Pois      0%           99%         1
 Blink                    Tloc           N/A          100%        2
 Call Imp                 Summ           0%           100%        2
 Poisonous Vapours        Pois/Air       0%           100%        2
 Slow                     Hex            0%           100%        2
 Swiftness                Air            0%           100%        2
 Conjure Flame            Conj/Fire      0%           100%        3
 Ignite Poison            Fire/Tmut/Pois 0%           100%        3
 Mephitic Cloud           Conj/Pois/Air  0%           100%        3
 Static Discharge         Conj/Air       0%           100%        3
 Airstrike                Air            0%           100%        4
 Olgreb's Toxic Radiance  Pois           0%           100%        4
 Bolt of Magma            Conj/Fire/Erth 0%           100%        5
 Iskenderun's Battlesphe  Conj           0%           100%        5
 Lightning Bolt           Conj/Air       0%           100%        5
 Iron Shot                Conj/Erth      0%           100%        6
 Orb of Destruction       Conj           0%           100%        7
 Spellforged Servitor     Conj/Summ      0%           100%        7


Dungeon Overview and Level Annotations

Branches:
Dungeon (9/15)             Temple (1/1) D:7
   Lair: D:8-11         Orc: D:9-12

Altars:
Ashenzari
Cheibriados
Dithmenos
Elyvilon
Fedhas
Gozag
Hepliaklqana
Makhleb
Nemelex Xobeh
Okawaru
Qazlal
Ru
Sif Muna
Trog
Uskayaw
Vehumet
Wu Jian
Xom
Yredelemnul
Zin
The Shining One

Shops:
D:8 [!**[


Innate Abilities, Weirdness & Mutations

You can be seen from farther away. (+LOS)
You can swim through water.
You cover ground slowly.
You can hop short distances.


Message History

The orc priest calls down the wrath of Beogh upon you.
Beogh smites you!
* * * LOW HITPOINT WARNING * * *
Unknown command.
Unknown command.
A centaur comes into view.
The centaur shouts!
The centaur wields a +0 shortbow.
The centaur shoots an arrow.
You block the arrow.
The centaur shoots an arrow.
The arrow hits you!
* * * LOW HITPOINT WARNING * * *
You see here 2 arrows.
The centaur shoots an arrow.
You block the arrow.
The centaur shoots an arrow.
You block the arrow.
You see here 2 arrows.
The centaur shoots an arrow.
The arrow barely misses you.
The centaur shoots an arrow.
The arrow hits you but does no damage.
The centaur shoots an arrow.
You block the arrow.
The orc priest mumbles some strange prayers to Beogh against you.
Beogh smites you!
You die...

..#### #..... ###..# #.
# .#
###.#############.##.##
...c....@.((....o.....#
....########..........#
#..........#
############


You could see a centaur and an orc priest.

Vanquished Creatures
  Gastronok (D:8)
  Erica (D:7)
  Harold (D:8)
  A two-headed ogre (D:8)
  Joseph (D:8)
  Grinder (D:3)
  Edmund (D:5)
  Duvessa (D:5)
  A sky beast (D:9)
  An ogre (D:7)
  2 phantoms
  2 centaurs
  A big kobold (D:8)
  5 bullfrogs
  A gnoll sergeant (D:8)
  Dowan (D:5)
  A scorpion (D:6)
  A killer bee (D:9)
  A bullfrog zombie (D:7)
  2 hounds
  A bullfrog skeleton (D:7)
  2 centaur skeletons
  Crazy Yiuf (D:5)
  2 iguanas
  Terence (D:2)
  6 worker ants
  A killer bee zombie (D:7)
  A hound skeleton (D:4)
  A howler monkey zombie (D:5)
  8 gnolls
  4 adders
  A shadow imp (D:5)
  2 ufetubi (D:6)
  2 oozes (D:2)
  3 dart slugs
  3 leopard geckos
  17 orcs
  5 giant cockroaches
  7 goblins
  6 hobgoblins
  4 jackals (D:1)
  3 quokkas
  A ball python (D:5)
  9 bats
  4 frilled lizards
  16 kobolds
  A leopard gecko zombie (D:5)
  A quokka zombie (D:7)
  10 rats
150 creatures vanquished.

Notes
Turn   | Place    | Note
-------+----------+-------------------------------------------
     0 | D:1      | sahdkjhfkaj the Barachi Fighter began the quest for the
                  | Orb.
     0 | D:1      | Reached XP level 1. HP: 18/18 MP: 1/1
    81 | D:1      | Reached XP level 2. HP: 25/25 MP: 2/2
   242 | D:1      | Reached skill level 3 in Long Blades
   242 | D:1      | Reached XP level 3. HP: 22/30 MP: 3/3
   997 | D:2      | Reached skill level 1 in Dodging
  1015 | D:2      | Reached XP level 4. HP: 30/37 MP: 4/4
  1832 | D:2      | Noticed a shadow
  1833 | D:2      | Found a shadowy altar of Dithmenos.
  1834 | D:2      | Found a hazy altar of Hepliaklqana.
  1942 | D:3      | Noticed Grinder
  1953 | D:3      | Paralysed by Grinder for 6 turns
  1962 | D:3      | Paralysed by Grinder for 7 turns
  1972 | D:3      | Paralysed by Grinder for 7 turns
  1987 | D:3      | Paralysed by Grinder for 2 turns
  1991 | D:3      | Killed Grinder
  1992 | D:3      | Reached skill level 4 in Long Blades
  1992 | D:3      | Reached XP level 5. HP: 39/43 MP: 5/5
  1992 | D:3      | Reached XP level 6. HP: 45/49 MP: 6/6
  2025 | D:3      | Noticed Terence
  2104 | D:2      | Killed Terence
  2105 | D:2      | Reached skill level 5 in Shields
  2692 | D:3      | Found a blossoming altar of Fedhas.
  2692 | D:3      | Found a shimmering altar of Xom.
  2839 | D:4      | Noticed a phantom
  2862 | D:4      | Killed a phantom
  2863 | D:4      | Reached skill level 5 in Long Blades
  2863 | D:4      | Reached XP level 7. HP: 44/55 MP: 7/7
  3448 | D:4      | Reached skill level 5 in Fighting
  3556 | D:5      | Entered Level 5 of the Dungeon
  3807 | D:5      | Found a runed translucent door.
  3808 | D:5      | Noticed Crazy Yiuf
  3848 | D:5      | Noticed Duvessa
  3848 | D:5      | Noticed Dowan
  3856 | D:5      | Noticed Edmund
  3875 | D:5      | Killed Duvessa
  3876 | D:5      | Reached skill level 5 in Armour
  3879 | D:5      | Killed Dowan
  3884 | D:5      | Reached skill level 6 in Long Blades
  4064 | D:5      | Killed Edmund
  4065 | D:5      | Reached XP level 8. HP: 24/51 MP: 8/8
  4721 | D:5      | Killed Crazy Yiuf
  4813 | D:6      | Found a snail-covered altar of Cheibriados.
  5633 | D:7      | Reached skill level 7 in Long Blades
  6150 | D:7      | Found an iron altar of Okawaru.
  6158 | D:7      | Reached XP level 9. HP: 66/69 MP: 9/9
  6172 | D:7      | Became a worshipper of Warmaster Okawaru
  6199 | D:7      | Found a staircase to the Ecumenical Temple.
  6249 | Temple   | Entered the Ecumenical Temple
  6571 | D:7      | Found a sacrificial altar of Ru.
  6609 | D:8      | Found Yrchoj's Assorted Antiques.
  6609 | D:8      | Noticed Gastronok
  6615 | D:8      | Noticed a two-headed ogre
  6617 | D:8      | Found Waepluto's Armour Emporium.
  6617 | D:8      | Found Egiomm's General Store.
  6843 | D:8      | Noticed Erica
  6966 | D:7      | Killed Erica
  6966 | D:7      | Reached * piety under Okawaru
  6967 | D:7      | Reached skill level 8 in Long Blades
  6967 | D:7      | Reached skill level 5 in Dodging
  7052 | D:8      | Bought a +2 cloak of poison resistance for 203 gold pieces
  7123 | D:8      | Killed a two-headed ogre
  7124 | D:8      | Reached skill level 9 in Long Blades
  7320 | D:8      | Noticed Harold
  7338 | D:8      | Killed Harold
  7338 | D:8      | Reached ** piety under Okawaru
  7339 | D:8      | Reached XP level 10. HP: 53/79 MP: 10/10
  7339 | D:8      | Found Gepsid's Distillery.
  7674 | D:8      | Found Ytsies Sidu's Armour Emporium.
  7992 | D:8      | Killed Gastronok
  7992 | D:8      | Reached *** piety under Okawaru
  7993 | D:8      | Reached skill level 10 in Long Blades
  8359 | D:8      | Noticed Joseph
  8374 | D:8      | Killed Joseph
  8626 | D:9      | HP: 1/80 [centaur/arrow (10)]
  8629 | D:9      | Killed from afar by an orc priest

Illustrated notes

Levels and vault maps discovered:
D:1:      elethiomel_arrival_quiet, layout_basic, minmay_misc_feat_pillars,
          minmay_tromino_v4_a
D:2:      layout_loops_corners, riverfiend_overflow_shadow_ancestor,
          guppyfry_early_orc_mine
D:3:      layout_rooms, gammafunk_temple_overflow_wave, uniq_grinder,
          uniq_terence
D:4:      layout_gridville
D:5:      layout_basic, serial_park_tiny_1, grunt_ministairs_14,
          uniq_crazy_yiuf_cottage, uniq_duvessa, uniq_edmund
D:6:      layout_basic, serial_bayou_pond_d, columned_hall_lemuel,
          cheibriados_altar_1
D:7:      layout_basic, lemuel_coloured_pillars_altar,
          minmay_temple_entry_drinking_statues, basic_altar
D:8:      layout_rooms, serial_shops, shop, nicolae_shop_trees,
          nicolae_shop_statue_plus, nicolae_shop_competitors_out_of_business,
          shop_statue, minivault_22, dk_vineyard_2, uniq_joseph, uniq_gastronok,
          uniq_harold, uniq_erica
D:9:      layout_rooms, lemuel_doored_altar
Temple:   regret_index_temple_sphere_string

Skill      XL: |  1  2  3  4  5  6  7  8  9 10 |
---------------+-------------------------------+-----
Long Blades    | 3 4 5 6 7 9 10 | 10.5
Fighting       | 4 5 6 7 8 |  8.2
Dodging        | 1 2 3 4 5 6 |  6.4
Shields        | 4 5 6 7 9 |  9.9
Armour         | 4 5 6 7 8 |  8.2

Action                   |  1- 3 |  4- 6 |  7- 9 | 10-12 || total
-------------------------+-------+-------+-------+-------++-------
Melee: Long sword        |   121 |   118 |   318 |       ||   557
       Unarmed           |       |    10 |       |       ||    10
       Scimitar          |       |       |    28 |    90 ||   118
Evoke: Wand              |       |       |     4 |     1 ||     5
  Use: Scroll            |     4 |     3 |     8 |     3 ||    18
       Potion            |       |     1 |     1 |       ||     2
Armor: Scale mail        |    85 |    13 |       |       ||    98
       Skin              |       |    13 |       |       ||    13
       Chain mail        |       |    71 |   185 |    44 ||   300
Dodge: Dodged            |    50 |    49 |    88 |    30 ||   217
Block: Kite shield       |    81 |    96 |   199 |    56 ||   432
       Rpst.: Long sword |    14 |     7 |    19 |       ||    40
       Scimitar          |       |       |     2 |     8 ||    10

Table legend: (Time is in decaauts)
 A = Elapsed time spent in this place.
 B = Non-inter-level travel time spent in this place.
 C = Inter-level travel time spent in this place.
 D = Time resting spent in this place.
 E = Time spent auto-exploring this place.
 F = Levels seen in this place.
 G = Mean time per level.
                   A        B        C        D        E       F      G
               +--------+--------+--------+--------+--------+-----+--------+
         Total |   9647 |   9267 |    380 |   2040 |   5526 |  10 |  964.7 |
       Dungeon |   9477 |   9105 |    372 |   2040 |   5367 |   9 | 1053.0 |
        Temple |    169 |    161 |      8 |      0 |    159 |   1 |  169.0 |
               +--------+--------+--------+--------+--------+-----+--------+

Top non-repeatable levels by time:
     D:7: 1842 daAuts
     D:2: 1547 daAuts
     D:5: 1327 daAuts
     D:8: 1202 daAuts
     D:1: 1000 daAuts
     D:6: 925 daAuts
     D:4: 899 daAuts
     D:3: 637 daAuts
  Temple: 169 daAuts
     D:9: 94 daAuts
